 Dungeon Crawl Stone Soup version 0.27.1-33-g824d729ab1 (webtiles) character file.

Game seed: 8545643337473588735

19800 Gabide the Carver (level 12, -6/151 HPs)
             Began as a Demigod Hunter on Dec 17, 2021.
             Mangled by a spriggan rider (19 damage)
             ... on level 12 of the Dungeon.
             The game lasted 00:31:01 (17965 turns).

Gabide the Carver (Demigod Hunter)                 Turns: 17965, Time: 00:31:01

Health: -6/151     AC: 13    Str: 29    XL:     12   Next: 11%
Magic:  15/15      EV: 19    Int: 13    God:
Gold:   722        SH:  7    Dex: 14    Spells: 11/11 levels left

rFire    + . .     SeeInvis +   J - +7 scimitar (flame)
rCold    + + +     Faith    .   c - +2 buckler
rNeg     . . .     Spirit   .   F - +4 skin of Zhor {*Englaciate rC+++ SInv}
rPois    +         Reflect  .   C - +2 helmet {SInv}
rElec    .         Harm     .   p - scarf {shadows}
rCorr    .         Rampage  .   (no gloves)
Will     +....                  i - +2 pair of boots
Stlth    ..........             t - amulet of the acrobat
HPRegen  0.35/turn              s - +4 ring of evasion
MPRegen  0.14/turn              o - ring "Usiraukh" {rPois rF+ Stlth+}

@: mighty, berserking, very quick
A: high mp 1, forlorn, hooves 1
a: no special abilities


You were on level 12 of the Dungeon.
You visited 1 branch of the dungeon, and saw 12 of its levels.
You also visited: Sewer.

You collected 2185 gold pieces.
You spent 1463 gold pieces at shops.

Inventory:

Hand Weapons
 j - a +1 long sword
 r - a +3 falchion of draining
 A - a +2 dagger of speed
 J - a +7 scimitar of flaming (weapon)
Missiles
 e - 4 javelins
 m - a boomerang (quivered)
Armour
 c - a +2 buckler (worn)
 i - a +2 pair of boots (worn)
 p - a scarf of shadows (worn)
 C - a +2 helmet of see invisible (worn)
 F - the +4 skin of Zhor (worn) {*Englaciate rC+++ SInv}
   (You bought it in a shop on level 10 of the Dungeon)

   It radiates cold, occasionally slowing all nearby creatures who are not
   resistant to cold.
   rC:        It renders you almost immune to cold.
   SInv:      It lets you see invisible.
 I - a +0 cloak
Jewellery
 o - the ring "Usiraukh" (right hand) {rPois rF+ Stlth+}
   (You acquired it on level 8 of the Dungeon)

   [ring of poison resistance]

   rF:        It protects you from fire.
   rPois:     It protects you from poison.
   Stlth:     It makes you more stealthy.
 s - a +4 ring of evasion (left hand)
 t - an amulet of the acrobat (around neck)
Wands
 q - a wand of iceblast (4)
 v - a wand of flame (43)
 y - a wand of acid (4)
 E - a wand of mindburst (25)
 G - a wand of polymorph (13)
Scrolls
 b - 5 scrolls of teleportation
 f - 3 scrolls of magic mapping
 u - 2 scrolls of fog
 w - 2 scrolls of blinking
 x - 5 scrolls of identify
 B - 3 scrolls of amnesia
 K - a scroll of brand weapon {unknown}
Potions
 d - 2 potions of mutation
 g - a potion of brilliance
 h - 2 potions of invisibility
 k - a potion of might
 l - a potion of flight
 n - 2 potions of curing
 D - a potion of cancellation {unknown}
 H - a potion of magic {unknown}
Miscellaneous
 z - a condenser vane


   Skills:
 * Level 8.0 Fighting
 + Level 2.3(7.0) Short Blades
 + Level 10.4(10.5) Long Blades
 + Level 7.7 Throwing
 + Level 7.0 Armour
 * Level 8.0 Dodging
 + Level 4.0 Stealth
 - Level 4.0 Shields
 + Level 1.2 Evocations


You had 11 spell levels left.
You didn't know any spells.
Your spell library contained the following spells:

 Spells                   Type           Power      Damage    Failure   Level
 Beastly Appendage        Tmut           0%         N/A       30%         1
 Sandblast                Erth           0%         2d4       30%         1
 Blink                    Tloc           N/A        N/A       43%         2
 Corpse Rot               Necr/Air       N/A        N/A       43%         2
 Passwall                 Tmut/Erth      0%         N/A       43%         2
 Poisonous Vapours        Pois/Air       0%         N/A       43%         2
 Sublimation of Blood     Necr           0%         N/A       43%         2
 Wereblood                Tmut           0%         N/A       43%         2
 Gell's Gravitas          Tloc           0%         N/A       67%         3
 Ignite Poison            Fire/Tmut/Pois 0%         N/A       67%         3
 Lesser Beckoning         Tloc           0%         N/A       67%         3
 Mephitic Cloud           Conj/Pois/Air  0%         N/A       67%         3
 Spider Form              Tmut/Pois      0%         N/A       67%         3
 Teleport Other           Tloc           0%         N/A       67%         3
 Bolt of Magma            Conj/Fire/Erth 0%         4d4       100%        5
 Freezing Cloud           Conj/Ice/Air   0%         6-21      100%        5
 Lee's Rapid Deconstruct  Erth           0%         3d5*      100%        5
 Manifold Assault         Tloc           0%         N/A       100%        5
 Dispersal                Tloc           0%         N/A       100%        6
 Summon Hydra             Summ           0%         N/A       100%        7


Dungeon Overview and Level Annotations

Branches:
Dungeon (12/15)            Temple (0/1) D:5            Lair (0/6) D:10
    Orc (0/2) D:11          Sewer (visited)

Shops:
D:10 *([

Annotations:
D:6 1 runed translucent door, makewrite's ghost, novice MiBe
D:12 Nyg Tys's ghost, journeyman MiBe


Innate Abilities, Weirdness & Mutations

Your attributes grow dramatically as you level up.
You have an increased reservoir of magic. (+10% MP)
You shall have no god before yourself.
You have large cloven feet.


Message History

Nyg Tys's ghost is heavily damaged.
The spriggan rider barely misses you. The wolf completely misses you.
Nyg Tys's ghost barely misses you.
You slice Nyg Tys's ghost!! You burn Nyg Tys's ghost.
Nyg Tys's ghost is severely damaged.
You block the wolf's attack.
You hit Nyg Tys's ghost but do no damage.
Nyg Tys's ghost is severely damaged.
The spriggan rider closely misses you. Nyg Tys's ghost misses you.
The wolf bites you but does no damage.
You hit Nyg Tys's ghost but do no damage.
Nyg Tys's ghost is severely damaged.
You block the wolf's attack.
The spriggan rider hits you from afar with the +5 spear "Ox" {flame, rPois Int+5}!
* * * LOW HITPOINT WARNING * * *
You hit Nyg Tys's ghost but do no damage.
Nyg Tys's ghost is severely damaged.
Nyg Tys's ghost hits you but does no damage.
The wolf misses you.
You slash Nyg Tys's ghost! You burn Nyg Tys's ghost.
Nyg Tys's ghost is severely damaged.
The wolf bites you but does no damage. You block the spriggan rider's attack.
Nyg Tys's ghost hits you!
* * * LOW HITPOINT WARNING * * *
x2 You hit Nyg Tys's ghost.
You burn Nyg Tys's ghost.
Nyg Tys's ghost is almost destroyed.
The wolf misses you.
You riposte.
You slash the wolf! You burn the wolf.
The wolf is heavily wounded.
You hit Nyg Tys's ghost. You burn Nyg Tys's ghost.
Nyg Tys's ghost is almost destroyed.
The spriggan rider hits you from afar with the +5 spear "Ox" {flame, rPois Int+5}!
* * * LOW HITPOINT WARNING * * *
The spriggan rider burns you.
* * * LOW HITPOINT WARNING * * *
The wolf closely misses you. Nyg Tys's ghost closely misses you.
You barely miss Nyg Tys's ghost.
Nyg Tys's ghost is almost destroyed.
You block the wolf's attack.
The spriggan rider hits you from afar with the +5 spear "Ox" {flame, rPois Int+5}!!
You die...

#.##....♣....♣♣.♣######.###
#.......♣..♣...♣♣..........
#.#####♣♣..♣♣...♣♣#####.###
#.# ♣.♣.h♣.♣..♣ #.#
#.#####♣.♣##'##♣.♣ #.#
#.|....♣♣#⌠i..⌠#♣♣ #.#
#####.............# ###.###
#........#h##i##### #......
#.###.#..#.@W.# #...... #.#
#.#..#.#### #...)..
######.# #.#<.#.# #......
.......# #.#..#.# #......
##.#######.#..#.# #......
#<# #).......#.#### #######
### #.###.##......# #.#
#.##......# #.# #.##......#


You could see a spriggan rider, a wolf and Nyg Tys's ghost.

Vanquished Creatures
  Gastronok (D:12)
  3 hydras (D:12)
  Erolcha (D:12)
  2 boulder beetles (D:12)
  Erica (D:11)
  2 two-headed ogres (D:12)
  Urug (D:11)
  Nergalle (D:11)
  3 cyclopes
  Joseph (D:10)
  2 gargoyles (D:12)
  An unseen horror (D:11)
  A kobold demonologist (D:11)
  8 trolls
  Grinder (Sewer)
  4 yaks (D:11)
  2 wraiths
  2 shadows
  2 wyverns
  Grum (D:10)
  2 steam dragons
  Menkaure (D:6)
  An acid dragon (D:9)
  2 black bears
  A hornet zombie (D:8)
  2 orc warriors
  2 ice beasts (D:5)
  3 wolves
  16 centaurs
  An ogre (D:7)
  A boggart (D:12)
  3 kobold brigands
  3 bullfrogs
  2 gnoll sergeants
  3 scorpions
  2 howler monkeys (D:7)
  5 wights (D:8)
  An electric eel (D:12)
  4 centaur zombies
  A quasit (Sewer)
  5 hounds
  2 jellies (D:5)
  A gnoll shaman (D:7)
  5 orc priests
  A bullfrog skeleton (D:6)
  3 centaur skeletons
  2 iguanas
  7 orc wizards
  A howler monkey zombie (D:8)
  3 adders
  6 gnolls
  A river rat (D:6)
  3 shadow imps (Sewer)
  An adder zombie (D:4)
  An adder skeleton (D:4)
  4 worms
  2 dart slugs (D:1)
  24 orcs
  8 ball pythons
  6 bats
  7 endoplasms
  10 giant cockroaches
  3 goblins
  10 hobgoblins
  A quokka (D:4)
  3 frilled lizards
  A giant cockroach zombie (Sewer)
  45 kobolds
  13 rats
275 creatures vanquished.

Vanquished Creatures (others)
  A plant (D:12)
1 creature vanquished.

Grand Total: 276 creatures vanquished

Notes
Turn   | Place    | Note
-------+----------+-------------------------------------------
     0 | D:1      | Gabide the Demigod Hunter began the quest for the Orb.
     0 | D:1      | Reached XP level 1. HP: 17/17 MP: 3/3
   196 | D:1      | Reached XP level 2. HP: 24/24 MP: 4/4
  1063 | D:1      | Reached skill level 1 in Short Blades
  1075 | D:1      | Reached XP level 3. HP: 25/29 MP: 5/5
  2090 | D:2      | Reached skill level 1 in Armour
  2133 | D:2      | Reached skill level 1 in Stealth
  2909 | D:3      | Reached XP level 4. HP: 34/36 MP: 6/6
  3635 | D:4      | Noticed a black bear
  3648 | D:4      | Killed a black bear
  3649 | D:4      | Reached skill level 1 in Long Blades
  3649 | D:4      | Reached XP level 5. HP: 25/42 MP: 7/7
  4467 | D:4      | Reached skill level 2 in Long Blades
  4467 | D:4      | Reached XP level 6. HP: 20/50 MP: 8/8
  5296 | D:5      | Entered Level 5 of the Dungeon
  5814 | D:5      | Reached skill level 3 in Long Blades
  5814 | D:5      | Reached XP level 7. HP: 56/56 MP: 9/9
  5816 | D:5      | Noticed a steam dragon
  5830 | D:5      | Killed a steam dragon
  5831 | D:5      | Reached skill level 5 in Throwing
  6767 | D:5      | Found a staircase to the Ecumenical Temple.
  7055 | D:5      | Reached XP level 8. HP: 61/63 MP: 10/10
  7434 | D:5      | Reached skill level 1 in Shields
  7616 | D:6      | Found a glowing drain.
  7631 | Sewer    | Entered a sewer
  7768 | Sewer    | Reached skill level 4 in Long Blades
  7890 | Sewer    | Noticed Grinder
  7893 | Sewer    | Paralysed by Grinder for 2 turns
  7899 | Sewer    | Killed Grinder
  8570 | D:6      | Noticed Menkaure
  8573 | D:6      | Killed Menkaure
  8748 | D:6      | Found a runed translucent door.
  8811 | D:6      | Noticed makewrite's ghost (novice MiBe)
  9366 | D:6      | Gained mutation: You have large cloven feet. [potion of
                  | mutation]
  9622 | D:7      | Reached skill level 5 in Armour
  9672 | D:7      | Reached XP level 9. HP: 64/71 MP: 11/11
 11554 | D:8      | Reached skill level 5 in Long Blades
 11884 | D:8      | Identified a scroll of acquirement
 11884 | D:8      | Acquired the ring "Usiraukh" {rPois rF+ Stlth+}
 12560 | D:9      | Reached skill level 6 in Long Blades
 13174 | D:10     | Entered Level 10 of the Dungeon
 13194 | D:10     | Noticed Grum
 13196 | D:10     | Noticed a cyclops
 13672 | D:10     | Reached XP level 10. HP: 44/80 MP: 13/13
 13969 | D:10     | Reached skill level 5 in Fighting
 14235 | D:10     | Noticed a cyclops
 14249 | D:10     | Killed a cyclops
 14250 | D:10     | Reached skill level 7 in Long Blades
 14544 | D:10     | Noticed Joseph
 14550 | D:10     | Killed Joseph
 14551 | D:10     | Reached skill level 1 in Evocations
 14671 | D:10     | Killed a cyclops
 14800 | D:10     | Found Aquirgh's Armour Emporium.
 14891 | D:10     | Found Ovirobra's Antique Weapon Emporium.
 14912 | D:10     | Bought a +2 helmet of see invisible for 301 gold pieces
 15005 | D:10     | Killed Grum
 15040 | D:10     | Found Boutiqojo's Assorted Antiques.
 15157 | D:10     | Found a staircase to the Lair.
 15162 | D:10     | Acquired 944 gold pieces
 15284 | D:10     | Bought the +4 skin of Zhor {*Englaciate rC+++ SInv} for 931
                  | gold pieces
 15284 | D:10     | Found the +4 skin of Zhor {*Englaciate rC+++ SInv}
 15442 | D:11     | Found a staircase to the Orcish Mines.
 15532 | D:11     | Reached skill level 5 in Dodging
 15651 | D:11     | Reached skill level 8 in Long Blades
 15859 | D:11     | Noticed Nergalle
 15882 | D:11     | Killed Nergalle
 15883 | D:11     | Reached XP level 11. HP: 59/89 MP: 14/14
 16079 | D:11     | Noticed a sixfirhy
 16162 | D:11     | Noticed Erica
 16177 | D:11     | Killed Erica
 16326 | D:11     | Acquired 591 gold pieces
 16334 | D:11     | Noticed Urug
 16354 | D:11     | Killed Urug
 16467 | D:10     | Bought a +2 pair of boots for 231 gold pieces
 16734 | D:12     | Noticed an eight-headed hydra
 16744 | D:12     | Killed a one-headed hydra
 16750 | D:12     | Noticed a five-headed hydra
 16762 | D:12     | Killed a one-headed hydra
 16763 | D:12     | Reached skill level 9 in Long Blades
 16992 | D:12     | Noticed a two-headed ogre
 17075 | D:12     | Noticed Gastronok
 17092 | D:12     | Killed Gastronok
 17147 | D:12     | Killed a two-headed ogre
 17229 | D:12     | Noticed Erolcha
 17231 | D:12     | Noticed a boulder beetle
 17237 | D:12     | Killed Erolcha
 17252 | D:12     | Noticed an eight-headed hydra
 17256 | D:12     | Killed a boulder beetle
 17260 | D:12     | Killed a four-headed hydra
 17261 | D:12     | Reached skill level 10 in Long Blades
 17461 | D:12     | Found a runed translucent door.
 17464 | D:12     | Noticed Nyg Tys's ghost (journeyman MiBe)
 17464 | D:12     | Identified the +5 spear "Ox" {flame, rPois Int+5}
 17464 | D:12     | Noticed a spriggan rider
 17699 | D:12     | Noticed a boulder beetle
 17718 | D:12     | Killed a boulder beetle
 17719 | D:12     | Reached XP level 12. HP: 101/101 MP: 15/15
 17945 | D:12     | Noticed a boulder beetle
 17965 | D:12     | Mangled by a spriggan rider

Illustrated notes

Levels and vault maps discovered:
D:1:      eino_arrival_cavern_b, layout_loops_corners, serial_park_tiny_2,
          serial_bayou_pond_a, minmay_strange_pillars
D:2:      layout_basic, ebering_dispersal_statue_hall, guppyfry_early_lair_pool
D:3:      layout_basic
D:4:      layout_loops_corners, grunt_temple_overflow_open,
          minmay_strange_pillars, minmay_misc_feat_hallway, minivault_4,
          minmay_surrounded
D:5:      layout_basic, mainiacjoe_overflow_boulevard,
          mainiacjoe_overflow_cross_hatched, minmay_temple_entry_trees,
          grunt_ministairs_11
D:6:      layout_rooms, mainiacjoe_overflow_brackets, ebering_ghost_sewer_d,
          portal_sewer_entry_a, centaur_isle, uniq_menkaure
D:7:      layout_loops_ring, nicolae_ashenzari_panopticon
D:8:      layout_basic, mainiacjoe_overflow_chevrons
D:9:      layout_loops_cross
D:10:     minmay_inner_zag, layout_rooms, fedhas_altar_1, lair_entry_dummy,
          serial_shops, nicolae_shop_waterfront, shop,
          nicolae_shop_temple_entry_statues_fountains, uniq_joseph, uniq_grum
D:11:     layout_rooms, orc_0_dummy, uniq_nergalle, uniq_erica, uniq_urug
D:12:     layout_basic, ebering_ghost_funeral_grove, uniq_erolcha,
          uniq_gastronok

Skill      XL: |  1  2  3  4  5  6  7  8  9 10 11 12 |
---------------+-------------------------------------+-----
Throwing       | 4 5 7 |  7.7
Fighting       | 2 3 4 6 7 8 |  8.0
Short Blades   | 1 2 |  2.3
Armour         | 1 2 3 4 5 6 7 |  7.0
Stealth        | 1 2 3 4 |  4.0
Long Blades    | 1 2 3 4 6 8 10 | 10.4
Dodging        | 2 3 4 5 7 8 |  8.0
Shields        | 3 4 |  4.0
Evocations     | 1 |  1.2

Action                   |  1- 3 |  4- 6 |  7- 9 | 10-12 || total
-------------------------+-------+-------+-------+-------++-------
Melee: Short sword       |   133 |    14 |     4 |       ||   151
       Long sword        |       |    61 |       |       ||    61
       Falchion          |       |    61 |   323 |   202 ||   586
       Kick              |       |       |    99 |   106 ||   205
       Scimitar          |       |       |       |   138 ||   138
Throw: Javelin           |    38 |    23 |    29 |       ||    90
       Boomerang         |       |     6 |   123 |    10 ||   139
       Throwing net      |       |     3 |     1 |     2 ||     6
Evoke: Wand              |       |       |     3 |     3 ||     6
  Use: Scroll            |     6 |     4 |     4 |     9 ||    23
       Potion            |       |       |    11 |     6 ||    17
 Stab: Held in net/web   |       |     1 |       |       ||     1
       Sleeping          |       |       |     2 |     3 ||     5
Armor: Leather armour    |     9 |       |       |       ||     9
       Ring mail         |    36 |    66 |    88 |     8 ||   198
       Animal skin       |       |       |       |    58 ||    58
Dodge: Dodged            |    85 |    79 |   290 |   217 ||   671
Block: Buckler           |       |       |   131 |   105 ||   236
       Rpst.: Long sword |       |    13 |       |       ||    13
       Falchion          |       |     8 |    65 |    29 ||   102
       Scimitar          |       |       |       |    14 ||    14
